 Dungeon Crawl Stone Soup version 0.30-a0-6-g7c9e10e132 (webtiles) character file.

Game seed: 8584337770913801822

209820 Zeldest the Worldbinder (level 18, -8/149 (153) HPs)
             Began as a Barachi Summoner on Aug 23, 2022.
             Was a High Priest of Fedhas.
             Mangled by a vault warden
             ... wielding a +2 vorpal great sword
              (23 damage)
             ... on level 2 of the Vaults.
             The game lasted 03:01:20 (56665 turns).

Zeldest the Worldbinder (Barachi Summoner)         Turns: 56665, Time: 03:01:20

HP:   -8/149 (153)  AC: 13    Str: 14      XL:     18   Next: 83%
MP:   11/28         EV: 12    Int: 17 (19) God:    Fedhas [*****.]
Gold: 468           SH:  0    Dex: 16      Spells: 5/31 levels left

rFire   + + .      SeeInvis .    a - +3 demon trident (freeze)
rCold   + + .      Faith    +    (no shield)
rNeg    . . .      Spirit   .    y - +1 robe {rC+ rF+}
rPois   +          Reflect  .    W - +2 helmet of Awe {rElec Str+3}
rElec   +          Harm     .    H - +1 cloak
rCorr   +          Rampage  .    k - +2 pair of gloves {Stlth+}
Will    ++...                    c - +0 pair of boots of Refuge {rElec rPois}
Stlth   +++.......               l - amulet of faith
HPRegen 0.34/turn                G - ring of willpower
MPRegen 0.21/turn                V - ring of the Cockatrice {rF+ rC+ rCorr}

@: unable to hop, studying Polearms, lightly drained, slow
A: amphibious, slowness 1, strong legs 2, +LOS
}: 1/15 runes: barnacled
a: Hop, Renounce Religion, Wall of Briars, Grow Ballistomycete, Overgrow, Grow
Oklob


You were on level 2 of the Vaults.
You worshipped Fedhas.
Fedhas was extremely pleased with you.
You visited 7 branches of the dungeon, and saw 30 of its levels.
You also visited: Gauntlet.

You collected 3298 gold pieces.
You spent 2830 gold pieces at shops.

Inventory:

Hand Weapons
 a - a +3 demon trident of freezing (weapon)
 b - a +2 trishula of holy wrath
Missiles
 C - 13 curare-tipped darts
Armour
 c - the +0 pair of boots of Refuge (worn) {rElec rPois}
   (You acquired it on level 8 of the Dungeon)

   rElec:     It insulates you from electricity.
   rPois:     It protects you from poison.
 d - a +2 kite shield of reflection
 f - +0 ice dragon scales
 k - a +2 pair of gloves of stealth (worn)
 y - a +1 robe of resistance (worn)
 H - a +1 cloak (worn)
 W - the +2 helmet of Awe (worn) {rElec Str+3}
   (You found it on level 5 of the Lair of Beasts)

   Str:       It affects your strength (+3).
   rElec:     It insulates you from electricity.
 X - +0 fire dragon scales
Jewellery
 l - an amulet of faith (around neck)
 w - a ring of protection from cold
 G - a ring of willpower (left hand)
 I - a ring of willpower
 V - the ring of the Cockatrice (right hand) {rF+ rC+ rCorr}
   (You found it in a Gauntlet)

   [ring of protection from fire]

   rF:        It protects you from fire.
   rC:        It protects you from cold.
   rCorr:     It protects you from acid and corrosion.
 Y - the ring of Jienlur {Fly rF+}
   (You found it on level 5 of the Lair of Beasts)

   [ring of flight]

   rF:        It protects you from fire.
   Fly:       It grants you flight.
Wands
 t - a wand of digging (11)
 v - a wand of charming (5)
 A - a wand of iceblast (9)
 F - a wand of polymorph (8)
 L - a wand of mindburst (13)
 O - a wand of flame (33)
Scrolls
 e - a scroll of amnesia
 i - 8 scrolls of silence
 o - 6 scrolls of fog
 p - a scroll of teleportation
 q - a scroll of poison
 r - 2 scrolls of fear
 x - 5 scrolls of immolation
 J - 2 scrolls of vulnerability
 K - a scroll of magic mapping
 M - 4 scrolls of enchant armour
 P - 4 scrolls of noise
 S - a scroll of identify
Potions
 g - a potion of curing
 h - a potion of haste
 j - a potion of berserk rage
 m - a potion of resistance
 u - 7 potions of attraction
 z - 2 potions of brilliance
 B - 4 potions of might
 E - 4 potions of flight
 N - 3 potions of magic
 Q - 2 potions of lignification
 U - 6 potions of mutation
Miscellaneous
 n - a condenser vane


   Skills:
 + Level 16.5 Fighting
 - Level 10.0 Short Blades
 + Level 5.2 Polearms
 - Level 5.6 Armour
 - Level 2.1 Dodging
 - Level 1.7 Stealth
 + Level 11.7 Shields
 - Level 7.0 Spellcasting
 - Level 5.0 Hexes
 + Level 21.7 Summonings
 - Level 7.9 Translocations
 - Level 11.4 Air Magic
 + Level 12.6 Invocations


You had 5 spell levels left.
You knew the following spells:

 Your Spells              Type           Power      Damage    Failure   Level
a - Apportation           Tloc           64%        N/A       1%          1
b - Summon Guardian Gole  Hex/Summ       51%        N/A       1%          3
c - Call Canine Familiar  Summ           68%        N/A       0%          3
d - Summon Lightning Spi  Summ/Air       58%        N/A       1%          4
e - Summon Horrible Thin  Summ           34%        N/A       10%         8
f - Monstrous Menagerie   Summ           34%        N/A       1%          7

Your spell library contained the following spells:

 Spells                   Type           Power      Damage    Failure   Level
 Summon Small Mammal      Summ           100%       N/A       0%          1
 Call Imp                 Summ           68%        N/A       0%          2
 Static Discharge         Conj/Air       25%        3-7/arc   1%          2
 Gell's Gravitas          Tloc           32%        N/A       1%          3
 Lesser Beckoning         Tloc           32%        N/A       1%          3
 Teleport Other           Tloc           32%        N/A       1%          3
 Summon Ice Beast         Ice/Summ       42%        N/A       1%          4
 Summon Mana Viper        Hex/Summ       51%        N/A       1%          5
 Portal Projectile        Hex/Tloc       54%        N/A       2%          3
 Tukima's Dance           Hex            22%        N/A       4%          3
 Passage of Golubria      Tloc           32%        N/A       4%          4
 Mephitic Cloud           Conj/Pois/Air  18%        N/A       8%          3
 Silence                  Hex/Air        16%        N/A       11%         5
 Freeze                   Ice            20%        1d4       12%         1
 Necrotise                Necr           20%        1d5       12%         1
 Sandblast                Erth           10%        2d5       12%         1
 Dazzling Flash           Conj/Hex       28%        N/A       12%         3
 Passwall                 Tmut/Erth      4%         N/A       17%         2
 Lightning Bolt           Conj/Air       12%        1d26      30%         5
 Frozen Ramparts          Ice            10%        1d2       34%         3
 Ignite Poison            Fire/Tmut/Pois 5%         N/A       34%         3
 Stone Arrow              Conj/Erth      10%        3d7       34%         3
 Leda's Liquefaction      Hex/Erth       7%         N/A       38%         4
 Freezing Cloud           Conj/Ice/Air   9%         6-21      56%         5
 Dispel Undead            Necr           5%         3d7       75%         4
 Hailstorm                Conj/Ice       5%         3d4       75%         4
 Olgreb's Toxic Radiance  Pois           5%         N/A       75%         4
 Sticky Flame             Conj/Fire      5%         2d3       75%         4
 Yara's Violent Unravell  Hex/Tmut       7%         3d5       75%         5
 Agony                    Necr           5%         N/A       97%         5
 Alistair's Intoxication  Tmut/Pois      3%         N/A       97%         5
 Malign Gateway           Summ/Tloc      27%        N/A       22%         7
 Simulacrum               Ice/Necr       2%         N/A       100%        6
 Ozocubu's Refrigeration  Ice            2%         4d8       100%        7
 Ignition                 Fire           2%         3d3       100%        8
 Maxwell's Capacitive Co  Air            22%        ∞         100%        8
 Polar Vortex             Ice            2%         N/A       100%        9


Dungeon Overview and Level Annotations

Branches:
Dungeon (15/15)            Temple (1/1) D:4            Lair (5/5) D:10
 Shoals (4/4) Lair:2       Spider (1/4) Lair:2        Slime (0/5) Lair:5
    Orc (2/2) D:12            Elf (0/3) Orc:2        Vaults (2/5) D:13
  Crypt (0/3) Vaults:2     Depths (0/4) D:15        Gauntlet (visited)

Altars:
Ashenzari
Cheibriados
Dithmenos
Elyvilon
Fedhas
Gozag
Hepliaklqana
Kikubaaqudgha
Makhleb
Nemelex Xobeh
Okawaru
Qazlal
Ru
Sif Muna
Trog
Uskayaw
Vehumet
Wu Jian
Xom
Yredelemnul
Zin
The Shining One
Jiyva

Shops:
D:5 (   D:11 [**[   D:13 *   Orc:1 [   Orc:2 (*:*   Shoals:3 ?   Vaults:2 (

Portals:
Pandemonium: Orc:2

Annotations:
D:14 2 runed translucent doors, HilariousDeathArtist's ghost, journeyman DgHW
Shoals:1 1 runed translucent door, exclusion: harpy, Ciuc's ghost, adept GrEE
Shoals:4 exclusion: merfolk javelineer
Spider:1 Azrael
Vaults:1 exclusions: 7 deep trolls, 2 ironbound preservers and yaktaur captain
Vaults:2 3 runed translucent doors, Gizecwe's ghost, adept DsMo


Innate Abilities, Weirdness & Mutations

You are amphibious.
You cover ground slowly.
You can hop long distances.
You have an extended range of vision and can be seen from far away.


Message History

Boing!
Something hits your large abomination!
Okay, then.
Magic courses through your body. Something hits your large abomination!
Casting: Summon Horrible Things (dangerous; 10% risk of failure)
Confirm with . or Enter, or press ? or * to list all spells.
Okay, then.
Casting: Summon Horrible Things (dangerous; 10% risk of failure)
Confirm with . or Enter, or press ? or * to list all spells.
You summon a manticore!
Strange energies crackle from the ironbound thunderhulk's apparatus.
The ironbound thunderhulk blinks!
Something hits your warg!!
Your warg dies!
Your warg's corpse disappears in a puff of smoke!
Electricity crackles from the ironbound thunderhulk's apparatus.
The bolt of lightning hits you! You resist.
* * * LOW HITPOINT WARNING * * *
You feel better.
Electricity crackles from the ironbound thunderhulk's apparatus.
The bolt of lightning misses you.
Your manticore bites the vault warden but does no damage.
Your manticore claws the vault warden but does no damage.
Your manticore completely misses the vault warden.
Casting: Monstrous Menagerie (dangerous; 1% risk of failure)
Confirm with . or Enter, or press ? or * to list all spells.
Okay, then.
Casting: Monstrous Menagerie (dangerous; 1% risk of failure)
Confirm with . or Enter, or press ? or * to list all spells.
You feel inexorably dogged by some nameless and implacable gloom.
You feel dopey.
Your large abomination disappears in a puff of smoke!
Strange energies crackle from the ironbound thunderhulk's apparatus.
The ironbound thunderhulk blinks!
Your manticore closely misses the vault warden.
Your manticore claws the vault warden. x2
Your large abomination hits the vault warden!!
Your large abomination hits the vault warden!
The vault warden hits you with a +2 vorpal great sword!!
You die...
Fedhas appreciates your contribution to the ecosystem.

**,,,,,***+**#.....#
,+,,,,,*,,,,,'.....#
,#,,,,,*,,,,,#.....#
.#,,,,,*,,,,,#.....#
.*,,,,,*,,,,,#.....#
,#############.....#
,#.................#
,#.................#
*#..............@X.#
##..........XX.pX..#
........O.....HX...#
............X......#
..........p........#
....p..............#
....h.....§........#
......§§...........#
.......)...........#


You could see a vault warden (ally target), an ironbound thunderhulk, a vault
guard, a friendly manticore (summoned) and 6 friendly large abominations.

Vanquished Creatures
  A vault warden (Vaults:1)
  A very ugly thing (D:15)
  An ironbound preserver (D:13)
  Nessos (Orc:2)
  An ironbound thunderhulk (Vaults:1)
  A dire elephant (Vaults:2)
  A minotaur (Gauntlet)
  2 merfolk javelineers
  A fire dragon (Lair:5)
  5 merfolk impalers
  A great orb of eyes (D:15)
  5 boulder beetles
  3 hydras
  A two-headed ogre (D:10)
  An ironbound frostheart (Vaults:2)
  A centaur warrior (D:13)
  3 merfolk aquamancers
  A death yak (Lair:5)
  A tengu warrior (Gauntlet)
  2 satyrs (Shoals:3)
  A steelbarb worm (Spider:1)
  2 deep trolls (Vaults:1)
  A pharaoh ant (Lair:2)
  9 sea snakes
  A swamp dragon (Lair:5)
  Pikel (D:8)
  8 harpies
  4 deep elf pyromancers
  A lindwurm (Orc:2)
  A necromancer (Vaults:2)
  2 orc knights (Orc:2)
  2 phantasmal warriors (D:13)
  A cyclops (D:14)
  3 ugly things
  2 fauns (Shoals:2)
  3 orc sorcerers (Orc:2)
  7 manticores
  3 black mambas (Lair:5)
  4 elephants
  2 merfolk sirens (Shoals:3)
  7 water nymphs
  A water nymph (shapeshifter) (D:15)
  11 cane toads
  4 unseen horrors
  2 rime drakes
  A kobold demonologist (D:12)
  8 komodo dragons
  3 yaktaurs (Vaults:1)
  A tengu conjurer (D:14)
  A freezing wraith (D:13)
  2 meliai (D:13)
  5 trolls
  12 merfolk
  A wind drake (Shoals:3)
  4 slime creatures
  3 snapping turtles
  2 tarantellas (Spider:1)
  4 blink frogs
  A jumping spider (Lair:2)
  A vampire (D:12)
  A culicivora (Spider:1)
  9 water elementals
  A fire elemental (Spider:1)
  27 yaks
  2 basilisks
  3 redbacks
  6 wyverns
  3 steam dragons
  A warg (Orc:1)
  A hell hound (Spider:1)
  2 acid dragons
  12 water moccasins
  A swamp drake (Lair:5)
  2 black bears
  9 orc warriors
  2 ogres (Orc:1)
  3 centaurs
  A lemure (D:7)
  3 kobold brigands
  5 bullfrogs
  2 necrophages
  4 scorpions
  3 wights (D:9)
  An orc simulacrum (Orc:1)
  11 killer bees
  An electric eel (D:7)
  3 howler monkeys
  A gnoll bouda (D:4)
  5 hounds
  2 jellies
  5 orc priests
  7 iguanas
  13 orc wizards
  9 nameless horrors
  A boggart simulacrum (D:14)
  Robin (D:3)
  10 gnolls
  An orc zombie (Orc:1)
  2 adders
  A shadow imp (D:6)
  2 white imps
  2 worms
  3 dart slugs
  44 orcs
  2 bat zombies (D:9)
  4 endoplasms
  2 giant cockroaches
  7 goblins
  7 hobgoblins
  10 kobolds
  2 quokkas (D:4)
  5 ball pythons
  2 bats
  3 frilled lizards
  6 rats
  3 rat zombies (D:9)
447 creatures vanquished.

Vanquished Creatures (collateral kills)
  Jory (Vaults:2)
  Jorgrun (Orc:1)
  Rupert (Orc:2)
  Donald (Orc:2)
  3 vault wardens (Vaults:1)
  4 ironbound preservers
  A very ugly thing (D:15)
  A war gargoyle (Vaults:2)
  2 ironbound thunderhulks (Vaults:1)
  An entropy weaver (Gauntlet)
  The ghost of Ciataod the Spry, a journeyman DEVM of Vehumet (Lair:5)
  5 dire elephants
  4 merfolk impalers
  The ghost of bjtr the Marksspriggan, a journeyman SpAM of Elyvilon (Lair:5)
  Josephine (Orc:2)
  2 crystal guardians (Vaults:2)
  A merfolk javelineer (Shoals:4)
  A yaktaur captain (Vaults:2)
  A fire dragon (D:15)
  Fannar (Lair:1)
  3 rakshasas (D:15)
  3 vault guards
  2 great orbs of eyes (Vaults:2)
  A peacekeeper (Vaults:1)
  A hydra (Lair:5)
  A demonspawn (Orc:2)
  2 merfolk avatars
  2 ironbound frosthearts (Vaults:1)
  3 centaur warriors
  6 two-headed ogres
  A catoblepas (Shoals:4)
  A death knight (D:13)
  4 death yaks (Lair:5)
  2 satyrs (Shoals:2)
  2 merfolk aquamancers
  Urug (Orc:1)
  7 orc high priests
  8 sea snakes
  3 ironbound convokers
  2 lindwurms (Vaults:2)
  9 deep trolls
  11 harpies
  3 deep elf pyromancers
  3 necromancers (Orc:1)
  7 orc knights
  2 wizards
  2 ugly things (D:11)
  A wolf spider (Lair:5)
  A faun (shapeshifter) (D:14)
  3 orc sorcerers (Orc:2)
  16 fauns
  5 cyclopes
  17 manticores
  A stone giant skeleton (Vaults:2)
  A guardian serpent (Lair:5)
  Maurice (D:8)
  4 gargoyles
  9 merfolk sirens
  6 water nymphs
  5 black mambas (Lair:5)
  4 vault sentinels (Vaults:2)
  2 rime drakes
  2 cane toads (Lair:5)
  2 orange demons (Orc:2)
  Psyche (D:8)
  3 kobold demonologists
  A rime drake (shapeshifter) (D:13)
  3 komodo dragons
  8 yaktaurs (Vaults:1)
  3 tengu conjurers
  An efreet (D:14)
  A red devil (Orc:2)
  17 merfolk
  5 trolls
  5 meliai
  A polar bear (Lair:5)
  A wind drake (Shoals:1)
  A wind drake (shapeshifter) (D:14)
  9 slime creatures
  3 hornets (Lair:5)
  7 blink frogs
  Prince Ribbit (D:7)
  A jumping spider (Gauntlet)
  A centaur simulacrum (D:14)
  An ettin skeleton (Orc:1)
  7 wyverns
  8 snapping turtles
  5 nameless horrors
  28 yaks
  6 water elementals
  11 basilisks
  8 wraiths
  A steam dragon (Lair:5)
  A redback (Spider:1)
  5 vampire mosquitoes
  A warg (Orc:1)
  2 acid dragons
  14 water moccasins
  35 orc warriors
  A swamp drake (Lair:5)
  2 sky beasts
  3 black bears
  A boggart (Vaults:1)
  2 ogres (Orc:2)
  4 centaurs
  2 lemures
  A kobold brigand (D:11)
  4 bullfrogs
  A scorpion (D:5)
  2 cyclops zombies (Orc:1)
  4 wights
  2 killer bees
  A troll zombie (Orc:1)
  An electric eel (D:13)
  A troll skeleton (Orc:1)
  14 orc priests
  An iguana (Lair:5)
  12 orc wizards
  An ogre zombie (Orc:1)
  2 adders
  3 orc skeletons (Orc:1)
  A dart slug (D:3)
  74 orcs
  A ball python (D:1)
  3 bats
  4 endoplasms
  2 giant cockroaches (D:1)
  4 hobgoblins (D:3)
  8 kobolds
  4 frilled lizards
  9 goblins
  A rat (D:1)
  32 ballistomycete spores
620 creatures vanquished.

Vanquished Creatures (others)
  2 harpies (Shoals:1)
  A merfolk (Shoals:3)
  A culicivora (Spider:1)
  A warg (Orc:2)
  An orc warrior (Orc:2)
  An orc (D:8)
  A kobold (D:11)
  4 ballistomycete spores
  2 bushes (Lair:5)
  45 fungi
  222 plants
  8 tentacles
  3 withered plants
292 creatures vanquished.

Grand Total: 1359 creatures vanquished

Notes
Turn   | Place    | Note
-------+----------+-------------------------------------------
     0 | D:1      | Zeldest the Barachi Summoner began the quest for the Orb.
     0 | D:1      | Reached XP level 1. HP: 13/13 MP: 3/3
    37 | D:1      | Reached skill level 5 in Summonings
   189 | D:1      | Reached XP level 2. HP: 20/20 MP: 1/5
   293 | D:1      | Learned a level 2 spell: Call Imp
   814 | D:1      | Reached skill level 1 in Fighting
  1165 | D:2      | Reached XP level 3. HP: 21/26 MP: 6/6
  1380 | D:2      | Found a faded altar of an unknown god.
  1602 | D:2      | Reached XP level 4. HP: 33/33 MP: 5/8
  1843 | D:3      | Reached skill level 1 in Armour
  2236 | D:3      | Noticed Robin
  2292 | D:3      | Killed Robin
  2531 | D:3      | Reached XP level 5. HP: 30/39 MP: 9/9
  2779 | D:3      | Reached skill level 6 in Summonings
  3189 | D:4      | Found a staircase to the Ecumenical Temple.
  3199 | Temple   | Entered the Ecumenical Temple
  3230 | Temple   | Became a worshipper of the Shining One
  3258 | D:4      | Learned a level 3 spell: Call Canine Familiar
  3261 | D:4      | Noticed a water moccasin
  3271 | D:4      | Killed a water moccasin
  3272 | D:4      | Reached skill level 1 in Short Blades
  3272 | D:4      | Reached XP level 6. HP: 47/47 MP: 6/10
  3396 | D:4      | Found a stormy altar of Qazlal.
  3400 | D:4      | Noticed an air elemental
  3400 | D:4      | Noticed a fire elemental
  3401 | D:4      | Noticed a water elemental
  3432 | D:4      | Reached * piety under the Shining One
  3852 | D:4      | Reached XP level 7. HP: 50/54 MP: 11/11
  3983 | D:5      | Entered Level 5 of the Dungeon
  4049 | D:5      | Found an opulent altar of Gozag.
  4054 | D:5      | Found a hide-covered altar of Uskayaw.
  4080 | D:5      | Found a broken altar of Ashenzari.
  4241 | D:5      | Reached skill level 7 in Summonings
  4241 | D:5      | Reached skill level 1 in Invocations
  4369 | D:5      | Noticed a troll
  4369 | D:5      | Noticed a wyvern
  4603 | D:5      | Found Nerehurph's Weapon Shoppe.
  4611 | D:5      | Bought 3 curare-tipped darts for 18 gold pieces
  4684 | D:5      | Reached skill level 5 in Fighting
  4684 | D:5      | Reached XP level 8. HP: 31/62 MP: 7/12
  4864 | D:5      | Killed a troll
  5087 | D:5      | Reached skill level 8 in Summonings
  5093 | D:4      | Killed a wyvern
  5347 | D:5      | Reached skill level 5 in Short Blades
  5513 | D:6      | Found an ornate altar of the Wu Jian Council.
  5514 | D:6      | Found a blossoming altar of Fedhas.
  5527 | D:6      | Reached ** piety under the Shining One
  5548 | D:6      | Reached XP level 9. HP: 47/71 MP: 10/13
  6372 | D:7      | Reached skill level 9 in Summonings
  6584 | D:7      | Found a white marble altar of Elyvilon.
  6668 | D:7      | Noticed Prince Ribbit
  6677 | D:7      | Killed Prince Ribbit
  6691 | D:7      | Identified the +3 sling of Lies {vorpal, rC+}
  6992 | D:7      | Reached skill level 1 in Air Magic
  7470 | D:7      | Found a shimmering altar of Xom.
  8229 | D:8      | Reached skill level 5 in Invocations
  8232 | D:8      | Reached XP level 10. HP: 75/80 MP: 8/14
  8294 | D:8      | Identified a scroll of acquirement
  8298 | D:8      | Acquired the +0 pair of boots of Refuge {rElec rPois}
  8326 | D:8      | Reached skill level 10 in Summonings
  8634 | D:8      | Noticed Psyche
  8634 | D:8      | Noticed Pikel
  9087 | D:8      | Killed Pikel
  9261 | D:8      | Killed Psyche
  9520 | D:8      | Noticed Maurice
  9535 | D:8      | Killed Maurice
  9610 | D:8      | Noticed an unseen horror
  9618 | D:8      | Killed an unseen horror
  9969 | D:9      | Identified the +8 flail of Untruth {venom, Dex+2}
  9999 | D:9      | Found a glowing silver altar of Zin.
 10060 | D:9      | Noticed a two-headed ogre
 10069 | D:9      | Learned a level 4 spell: Summon Lightning Spire
 10222 | D:9      | Killed a two-headed ogre
 10223 | D:9      | Reached skill level 5 in Air Magic
 10223 | D:9      | Reached XP level 11. HP: 89/89 MP: 8/15
 10236 | D:9      | Found a bloodstained altar of Trog.
 10462 | D:9      | Reached *** piety under the Shining One
 10468 | D:9      | Found an ancient bone altar of Kikubaaqudgha.
 10746 | D:9      | Reached skill level 11 in Summonings
 11358 | D:10     | Entered Level 10 of the Dungeon
 11384 | D:10     | Noticed a two-headed ogre
 11644 | D:10     | Found a sacrificial altar of Ru.
 11652 | D:10     | Found a radiant altar of Vehumet.
 11691 | D:10     | Killed a two-headed ogre
 11692 | D:10     | Reached skill level 10 in Fighting
 11978 | D:10     | Found a staircase to the Lair.
 12261 | D:10     | Noticed a two-headed ogre
 12274 | D:10     | Killed a two-headed ogre
 12426 | D:10     | Reached **** piety under the Shining One
 13191 | D:11     | Noticed a boulder beetle
 13227 | D:11     | Killed a boulder beetle
 13228 | D:11     | Reached XP level 12. HP: 69/99 MP: 7/17
 13535 | D:11     | Reached skill level 12 in Summonings
 14263 | D:11     | Found Lomecw's Antique Armour Boutique.
 14268 | D:11     | Bought a runed scarf for 232 gold pieces
 14285 | D:11     | Found Xeonwuod's Assorted Antiques.
 14369 | D:11     | Found Jyiwkuz's Overcharged Wands.
 14374 | D:11     | Noticed a six-headed hydra
 14726 | D:11     | Found Jososok's Armour Emporium.
 14732 | D:11     | Bought a +2 pair of gloves of stealth for 344 gold pieces
 14836 | D:11     | Killed a six-headed hydra
 14949 | Lair:1   | Entered Level 1 of the Lair of Beasts
 14992 | Lair:1   | Reached skill level 10 in Short Blades
 15108 | Lair:1   | Found a gate leading to a gauntlet.
 15221 | Gauntlet | Entered a Gauntlet
 15221 | Gauntlet | Found a large runed translucent door.
 15221 | Gauntlet | Found a large runed translucent door.
 15221 | Gauntlet | Found a large runed translucent door.
 15221 | Gauntlet | Found a transporter.
 15221 | Gauntlet | Found a large runed translucent door.
 15221 | Gauntlet | Found a runed translucent door.
 15221 | Gauntlet | Found a runed translucent door.
 15221 | Gauntlet | Found a large runed translucent door.
 15221 | Gauntlet | Found a large runed translucent door.
 15221 | Gauntlet | Found a large runed translucent door.
 15221 | Gauntlet | Found a large runed translucent door.
 15221 | Gauntlet | Found a runed translucent gate.
 15221 | Gauntlet | Found a runed translucent gate.
 15221 | Gauntlet | Found a runed translucent gate.
 15221 | Gauntlet | Found a transporter.
 15221 | Gauntlet | Found a transporter.
 15221 | Gauntlet | Found a transporter.
 15225 | Gauntlet | Found a transporter.
 15228 | Gauntlet | Found a transporter.
 15229 | Gauntlet | Found a runed translucent door.
 15229 | Gauntlet | Found a runed translucent door.
 15231 | Gauntlet | Found a transporter.
 15234 | Gauntlet | Found a transporter.
 15234 | Gauntlet | Found a transporter.
 15234 | Gauntlet | Noticed a tengu warrior
 15236 | Gauntlet | Found a transporter.
 15239 | Gauntlet | Noticed an entropy weaver
 15247 | Gauntlet | Noticed a catoblepas
 15249 | Gauntlet | Found a runed translucent door.
 15249 | Gauntlet | Found a transporter.
 15250 | Gauntlet | Found a transporter.
 15287 | Gauntlet | Found a large runed translucent door.
 15287 | Gauntlet | Found a large runed translucent door.
 15288 | Gauntlet | Found a large runed translucent door.
 15289 | Gauntlet | Found a large runed translucent door.
 15290 | Gauntlet | Found a large runed translucent door.
 15290 | Gauntlet | Found a large runed translucent door.
 15291 | Gauntlet | Found a large runed translucent door.
 15292 | Gauntlet | Found a large runed translucent door.
 15417 | Gauntlet | Reached skill level 1 in Shields
 15419 | Gauntlet | Killed a tengu warrior
 15588 | Gauntlet | Killed an entropy weaver
 15675 | Gauntlet | Identified the ring of the Cockatrice {rF+ rC+ rCorr}
 15684 | Gauntlet | Learned a level 3 spell: Summon Guardian Golem
 15742 | Gauntlet | Noticed a minotaur
 15755 | Gauntlet | Killed a minotaur
 15756 | Gauntlet | Reached skill level 13 in Summonings
 15756 | Gauntlet | Gained mutation: You can hop long distances. [Barachi
                  | growth]
 15756 | Gauntlet | Reached XP level 13. HP: 52/107 MP: 16/19
 16019 | Gauntlet | Identified the +3 flail "Arbiter" {vorpal, rPois SInv}
 16488 | Lair:1   | Noticed Fannar
 16502 | Lair:1   | Killed Fannar
 16781 | Lair:2   | Found a staircase to the Shoals.
 16805 | Lair:2   | Found a hole to the Spider Nest.
 17038 | Lair:2   | Found a shimmering altar of Xom.
 17091 | Lair:2   | Reached ***** piety under the Shining One
 19202 | Lair:4   | Reached skill level 1 in Hexes
 19473 | Lair:4   | Reached skill level 5 in Spellcasting
 19752 | Lair:4   | Reached skill level 5 in Shields
 20161 | Lair:5   | Entered Level 5 of the Lair of Beasts
 20875 | Lair:5   | Reached skill level 14 in Summonings
 21167 | Lair:5   | Reached XP level 14. HP: 118/118 MP: 14/21
 21637 | Lair:5   | Identified the +2 helmet of Awe {rElec Str+3}
 21751 | Lair:5   | Found a viscous altar of Jiyva.
 21751 | Lair:5   | Found a staircase to the Slime Pits.
 22175 | Lair:5   | Found a runed translucent gate.
 22175 | Lair:5   | Found a runed translucent gate.
 22175 | Lair:5   | Found a runed translucent gate.
 22176 | Lair:5   | Noticed bjtr's ghost (journeyman SpAM)
 22176 | Lair:5   | Noticed Ciataod's ghost (journeyman DEVM)
 22432 | Lair:5   | Reached skill level 10 in Invocations
 23280 | Lair:5   | Reached skill level 5 in Hexes
 23840 | Lair:5   | Killed Ciataod's ghost
 23842 | Lair:5   | Killed bjtr's ghost
 23948 | Lair:5   | Identified the +3 scale mail of the Stonemason {Dex+3}
 23952 | Lair:5   | Identified the ring of Jienlur {Fly rF+}
 24581 | D:12     | You fall into a shaft and drop 2 floors!
 25430 | D:13     | Reached ****** piety under the Shining One
 25914 | D:13     | Found Recois's Assorted Antiques.
 25921 | D:13     | Bought a scroll of teleportation for 117 gold pieces
 26398 | D:13     | Reached skill level 15 in Summonings
 26829 | D:13     | Reached skill level 5 in Armour
 26829 | D:13     | Reached XP level 15. HP: 126/126 MP: 14/22
 27131 | D:13     | Found a gate to the Vaults.
 27226 | D:12     | Found a staircase to the Orcish Mines.
 27962 | D:14     | Reached skill level 10 in Air Magic
 28123 | D:14     | Found a large runed translucent door.
 28124 | D:14     | Found a large runed translucent door.
 28137 | D:14     | Noticed HilariousDeathArtist's ghost (journeyman DgHW)
 28886 | D:15     | Entered Level 15 of the Dungeon
 31157 | D:15     | Found a staircase to the Depths.
 31511 | Orc:1    | Entered Level 1 of the Orcish Mines
 31511 | Orc:1    | Noticed Jorgrun
 31742 | Orc:1    | Reached skill level 15 in Fighting
 31768 | Orc:1    | Noticed Urug
 31784 | Orc:1    | Killed Urug
 31800 | Orc:1    | Killed Jorgrun
 32249 | Orc:1    | Found Adoph's Antique Armour Emporium.
 32340 | Orc:1    | Reached skill level 16 in Summonings
 32761 | Orc:1    | Found a burning altar of Makhleb.
 32976 | Orc:2    | Entered Level 2 of the Orcish Mines
 33097 | Orc:2    | Noticed Nessos
 33111 | Orc:2    | Reached XP level 16. HP: 124/136 MP: 2/24
 33114 | Orc:2    | Killed Nessos
 33127 | Orc:2    | Found a staircase to the Elven Halls.
 33170 | Orc:2    | Noticed Josephine
 33176 | Orc:2    | Killed Josephine
 33195 | Orc:2    | Noticed Donald
 33202 | Orc:2    | Killed Donald
 33238 | Orc:2    | Found Puazedgh's General Store.
 33240 | Orc:2    | Found Xonkofu's General Store.
 33270 | Orc:2    | Noticed Rupert
 33282 | Orc:2    | Killed Rupert
 33896 | Orc:2    | Bought a scroll of blinking for 105 gold pieces
 33896 | Orc:2    | Bought a potion of heal wounds for 70 gold pieces
 33898 | Orc:2    | Bought a scroll of teleportation for 54 gold pieces
 33917 | Orc:2    | Reached skill level 10 in Shields
 34570 | Orc:2    | Found Fugisynodghi's Book Shoppe.
 34570 | Orc:2    | Found Goz Tast's Antique Weapon Emporium.
 34571 | Orc:2    | Found a one-way gate leading to the halls of Pandemonium.
 34573 | Orc:2    | Bought a manual of Polearms for 1200 gold pieces
 34615 | Orc:2    | Identified a +2 trishula of holy wrath (a +0 demon trident
                  | of draining blessed by the Shining One)
 34615 | Orc:2    | Received a gift from the Shining One
 34865 | D:6      | Fell from the grace of the Shining One
 34865 | D:6      | Became a worshipper of Fedhas Madash
 34961 | Spider:1 | Entered Level 1 of the Spider Nest
 35423 | Spider:1 | Reached skill level 1 in Polearms
 35538 | Spider:1 | Noticed Azrael
 35711 | Shoals:1 | Entered Level 1 of the Shoals
 35850 | Shoals:1 | Noticed a kraken
 35961 | Shoals:1 | Reached * piety under Fedhas
 36024 | Shoals:1 | HP: 5/138 [sea snake (10)]
 37161 | Shoals:1 | Reached skill level 17 in Summonings
 37172 | Shoals:1 | Reached ** piety under Fedhas
 37692 | Shoals:1 | Reached skill level 5 in Polearms
 37987 | Orc:2    | Bought a Grand Grimoire for 510 gold pieces
 38279 | Shoals:1 | Found a runed translucent door.
 38280 | Shoals:1 | Noticed Ciuc's ghost (adept GrEE)
 39060 | Shoals:2 | Reached skill level 1 in Translocations
 39242 | Shoals:2 | Reached XP level 17. HP: 144/144 MP: 19/26
 39364 | Shoals:2 | Learned a level 1 spell: Apportation
 39374 | Shoals:2 | Learned a level 8 spell: Summon Horrible Things
 39382 | Shoals:2 | Learned a level 7 spell: Malign Gateway
 40053 | Shoals:2 | Reached *** piety under Fedhas
 40230 | Shoals:2 | Reached skill level 18 in Summonings
 42275 | Shoals:3 | Reached **** piety under Fedhas
 42502 | Shoals:3 | Reached skill level 5 in Translocations
 42695 | Shoals:3 | Reached skill level 19 in Summonings
 42964 | Shoals:3 | Found Erogicw's Magic Scroll Shoppe.
 42983 | Shoals:3 | Bought a scroll of blinking for 90 gold pieces
 43283 | Shoals:4 | Entered Level 4 of the Shoals
 43386 | Shoals:4 | Identified the +7 sling "Tahuekhluger" {flame, rElec}
 44256 | Shoals:3 | Bought a scroll of enchant weapon for 90 gold pieces
 44778 | Shoals:4 | Identified the +0 buckler of the Grue {Harm Int+5 Stlth+}
 44846 | Shoals:3 | Reached ***** piety under Fedhas
 45760 | Shoals:4 | Reached skill level 20 in Summonings
 47334 | Shoals:4 | HP: 6/144 [merfolk javelineer/silver javelin (2)]
 47368 | Shoals:4 | Got a barnacled rune of Zot
 47673 | Shoals:4 | Reached XP level 18. HP: 151/151 MP: 15/27
 48157 | Vaults:1 | Entered Level 1 of the Vaults
 48614 | Vaults:1 | HP: 7/151 [orc knight/+0 great mace (18)]
 48631 | Vaults:1 | HP: 4/151 [nameless horror[miscasting Summon Horrible
                  | Things] (18)]
 48646 | D:13     | HP: 7/151 [nameless horror[miscasting Summon Horrible
                  | Things] (13)]
 49313 | D:13     | Acquired a book of Beasts
 49324 | D:13     | Learned a level 7 spell: Monstrous Menagerie
 50878 | Vaults:1 | Reached skill level 21 in Summonings
 54572 | Vaults:2 | Noticed Jory
 54583 | Vaults:2 | Killed Jory
 55517 | Vaults:2 | Found Gozag's Antique Weapon Shoppe.
 56250 | Vaults:2 | Found a runed translucent gate.
 56250 | Vaults:2 | Found a runed translucent gate.
 56250 | Vaults:2 | Found a runed translucent gate.
 56251 | Vaults:2 | Noticed Gizecwe's ghost (adept DsMo)
 56662 | Vaults:2 | HP: 5/149 [ironbound thunderhulk/bolt of lightning[a vault
                  | warden] (17)]
 56665 | Vaults:2 | Mangled by a vault warden

Illustrated notes

Levels and vault maps discovered:
D:1:      heliophobic_arrival_battle_scene, layout_basic
D:2:      minmay_wonky_spiral, layout_rooms, dreamdust_ecumenical_altar_grove,
          minmay_heptomino_o4
D:3:      layout_basic, uniq_robin
D:4:      layout_gridville, nicolae_qazlal_style_of_elements, temple_pool_b
D:5:      cheibrodos_fzero, layout_rooms, lemuel_tele_altar, minitemple,
          serial_shops, shop
D:6:      layout_basic, nicolae_overflow_squiral
D:7:      layout_basic, elyvilon_altar_5, tgw_xom, nrook_pool_corridor,
          kennysheep_generic_room_13, uniq_prince_ribbit1
D:8:      layout_basic, corexii_hall_statues_t, minmay_alternating_orb,
          uniq_pikel, uniq_maurice, uniq_psyche
D:9:      layout_gridville, trog_hazing_becter,
          lemuel_zombie_altar_kikubaaqudgha, nicolae_overflow_crystal_walls
D:10:     layout_basic, fiery_altar_vehumet, kennysheep_mini, lair_entry_dummy
D:11:     layout_irregular_city, serial_shops, shop, shop, shop_statue,
          nicolae_shop_overcharged_wands
D:12:     layout_long_grid, hiddenorc1_lemuel
D:13:     layout_basic, skrybe_vaults_entry_preservation, serial_shops, shop
D:14:     layout_loops_corners, ebering_ghost_disaster_area,
          kennysheep_kite_vault
D:15:     gammafunk_enter_depths_forms, layout_irregular_city,
          chequers_serial_rivers_micro_a
Temple:   nicolae_temple_cloud_nine
Lair:1:   layout_cave_pods, gauntlet_entry_generic, uniq_fannar
Lair:2:   layout_misc_corridors, minmay_shoals_entry_centaurs,
          spider_nest_entry_rubble, basic_altar, lemuel_fruit_tree
Lair:3:   layout_chaotic_city, bh_autumn_forest_stairs
Lair:4:   layout_small_grid
Lair:5:   hangedman_lair_tendril_chambers, layout_cave_pods,
          guppyfry_lair_end_dragon, slime_entry_1, gammafunk_ghost_cemetery,
          nicolae_quartered_pool_super, chequers_serial_rivers_small_b
Shoals:1: layout_shoals, gammafunk_ghost_grave
Shoals:2: cheibrodos_shoals_satyrical_garden, layout_shoals
Shoals:3: layout_shoals, serial_shops, nicolae_shop_statue_plus
Shoals:4: shoals_end_grunt_ice, layout_shoals, argonaut_gorgonesque
Spider:1: layout_spider_delve, uniq_kirke, uniq_asterion, uniq_mlioglotl,
          uniq_roxanne, uniq_azrael
Orc:1:    dreamdust_under_siege, layout_caves, serial_shops, shop,
          lemuel_statue_altar, uniq_jorgrun, uniq_urug
Orc:2:    pf_orc_diabolical, layout_caves, basic_altar, uniq_rupert,
          uniq_donald, uniq_josephine, uniq_nessos
Vaults:1: vaults_mumra_hex, v_rooms_6, v_alt_pattern_6,
          ontoclasm_vaults_misaligned, nicolae_vaults_ring_of_whatevers,
          nicolae_vaults_three_branches, v_misc_3, nicolae_vaults_rhombus_5,
          special_room_vaults [special_room_orc], serial_ice_b,
          ontoclasm_vaults_ligature, layout_vaults_omnicross
Vaults:2: gammafunk_ghost_necromancy, v_misc_12, nicolae_vaults_triangles,
          nicolae_vaults_hallways_thing, kennysheep_vaults_gozag_temple,
          hangedman_vaults_river_flow, minmay_crypt_entry_simple_statues,
          ontoclasm_vaults_tryst, v_misc_8, v_pattern_2, vaults_dpeg_ring,
          layout_vaults_omnigrid, uniq_jory, uniq_mara

Skill      XL: |  1  2  3  4  5  6  7  8  9 10 11 12 13 14 15 16 17 18 |
---------------+-------------------------------------------------------+-----
Summonings     | 5 6 7 8 9 10 11 13 14 15 16 17 20 21 | 21.7
Fighting       | 1 2 3 4 5 6 8 9 10 11 13 14 15 16 | 16.5
Armour         | 1 2 3 5 |  5.6
Spellcasting   | 3 5 7 |  7.0
Short Blades   | 1 2 3 5 6 8 9 10 | 10.0
Invocations    | 2 3 5 6 7 8 9 10 11 12 | 12.6
Air Magic      | 2 5 6 8 9 11 | 11.4
Shields        | 2 5 7 9 10 11 | 11.7
Hexes          | 3 5 |  5.0
Polearms       | 5 |  5.2
Translocations | 1 7 |  7.9
Dodging        | |  2.1
Stealth        | |  1.7

Action                   |  1- 3 |  4- 6 |  7- 9 | 10-12 | 13-15 | 16-18 || total
-------------------------+-------+-------+-------+-------+-------+-------++-------
Melee: Unarmed           |     6 |       |       |       |       |       ||     6
       Dagger            |   107 |   200 |   278 |   261 |       |       ||   846
       Punch             |     2 |     2 |     1 |    12 |     1 |     1 ||    19
       Flail             |       |       |       |    68 |   601 |   172 ||   841
       Demon trident     |       |       |       |       |       |   300 ||   300
Throw: Dart              |       |       |     9 |     4 |       |       ||    13
 Cast: Summon Small Mamm |    17 |    16 |    16 |     6 |       |       ||    55
       Call Imp          |     2 |     6 |       |       |       |       ||     8
       Call Canine Famil |       |     1 |    24 |    48 |    91 |   184 ||   348
       Summon Lightning  |       |       |       |    30 |   155 |   157 ||   342
       Summon Guardian G |       |       |       |       |     3 |     3 ||     6
       Apportation       |       |       |       |       |       |    18 ||    18
       Monstrous Menager |       |       |       |       |       |    55 ||    55
       Summon Horrible T |       |       |       |       |       |    21 ||    21
Invok: Divine Shield     |       |       |     1 |       |     3 |       ||     4
       Cleansing Flame   |       |       |       |       |     1 |       ||     1
       Summon Divine War |       |       |       |       |     2 |     1 ||     3
       Brand Weapon With |       |       |       |       |       |     1 ||     1
       Grow Ballistomyce |       |       |       |       |       |     6 ||     6
       Wall of Briars    |       |       |       |       |       |     3 ||     3
       Overgrow          |       |       |       |       |       |     1 ||     1
 Abil: Hop               |       |     1 |     4 |     7 |    10 |    18 ||    40
Evoke: Wand              |       |       |     1 |     8 |       |    40 ||    49
       Condenser vane    |       |       |       |       |       |     1 ||     1
  Use: Potion            |       |       |     2 |     6 |     6 |    27 ||    41
       Scroll            |       |       |       |    29 |     9 |    20 ||    58
 Stab: Distracted        |     3 |       |       |       |       |    14 ||    17
       Confused          |       |       |       |       |       |     1 ||     1
       Paralysed         |       |       |       |       |       |     2 ||     2
Armor: Robe              |     9 |       |       |       |       |   103 ||   112
       Ice dragon scales |    53 |   164 |   203 |   188 |   373 |       ||   981
       Fire dragon scale |       |       |       |       |   143 |   128 ||   271
Dodge: Dodged            |    48 |    96 |   125 |   156 |   301 |   291 ||  1017
Block: Other             |       |       |     3 |       |       |       ||     3
       Buckler           |       |       |       |       |   102 |       ||   102
       Kite shield       |       |       |       |       |   254 |   392 ||   646
       Reflection        |       |       |       |       |       |    45 ||    45

Table legend: (Time is in decaauts)
 A = Elapsed time spent in this place.
 B = Non-inter-level travel time spent in this place.
 C = Inter-level travel time spent in this place.
 D = Time resting spent in this place.
 E = Time spent auto-exploring this place.
 F = Levels seen in this place.
 G = Mean time per level.
                   A        B        C        D        E       F      G
               +--------+--------+--------+--------+--------+-----+--------+
         Total |  61484 |  58364 |   3120 |  28080 |  16828 |  31 | 1983.4 |
       Dungeon |  26702 |  25090 |   1612 |  10544 |   9806 |  15 | 1780.1 |
        Temple |     44 |     38 |      6 |      0 |     33 |   1 |   44.0 |
          Lair |  10333 |   9794 |    539 |   4095 |   3848 |   5 | 2066.6 |
        Shoals |  12178 |  11671 |    507 |   7082 |    974 |   4 | 3044.5 |
   Spider Nest |    259 |    259 |      0 |    112 |      0 |   1 |  259.0 |
  Orcish Mines |   3669 |   3347 |    322 |   1411 |    905 |   2 | 1834.5 |
        Vaults |   7439 |   7308 |    131 |   4382 |   1083 |   2 | 3719.5 |
      Gauntlet |    856 |    856 |      0 |    452 |    177 |   1 |  856.0 |
               +--------+--------+--------+--------+--------+-----+--------+

Top non-repeatable levels by time:
Vaults:1: 4837 daAuts
    D:13: 4107 daAuts
  Lair:5: 4094 daAuts
Shoals:3: 4062 daAuts
Shoals:1: 2944 daAuts
    D:14: 2854 daAuts
Vaults:2: 2601 daAuts
Shoals:2: 2589 daAuts
Shoals:4: 2582 daAuts
     D:7: 2350 daAuts
  Lair:2: 2223 daAuts
    D:10: 2219 daAuts
    D:11: 2058 daAuts
   Orc:2: 2033 daAuts
    D:15: 1905 daAuts
